 Dungeon Crawl Stone Soup version 0.23-a0-808-gd21de94 (webtiles) character file.

116 Lanoc the Slasher (level 4, 0/36 HPs)
             Began as a Demonspawn Berserker on Jan 20, 2019.
             Was a Follower of Trog.
             Slain by a worm (7 damage)
             ... on level 3 of the Dungeon.
             The game lasted 00:04:22 (2723 turns).

Lanoc the Slasher (Demonspawn Berserker)            Turns: 2723, Time: 00:04:23

Health: 0/36       AC:  0    Str: 18    XL:     4   Next: 70%
Magic:  4/4        EV: 13    Int:  8    God:    Trog [*.....]
Gold:   76         SH:  0    Dex: 13    Spells: 3/3 levels left

rFire    . . .     SeeInvis .   a - +0 falchion
rCold    . . .     Gourm    .   (no shield)
rNeg     . . .     Faith    .   b - +0 animal skin
rPois    .         Spirit   .   (no helmet)
rElec    .         Reflect  .   q - +0 cloak
rCorr    .         Harm     .   (no gloves)
MR       .....                  (no boots)
Stlth    +.........             (no amulet)
HPRegen  0.12/turn              f - -3 ring of protection (curse)
MPRegen  0.09/turn              (no ring)

@: lethally poisoned (0 -> -1), berserk cooldown, slowed, very slow
A: sturdy frame 2
a: Berserk, Renounce Religion


You were on level 3 of the Dungeon.
You worshipped Trog.
Trog was aware of your devotion.
You were very hungry.

You visited 1 branch of the dungeon, and saw 3 of its levels.

You collected 76 gold pieces.

Inventory:

Hand Weapons
 a - a +0 falchion (weapon)
Armour
 b - a +0 animal skin (worn)
 q - a +0 cloak (worn)
Jewellery
 f - a cursed -3 ring of protection (left hand)
Wands
 l - a wand of digging (8)
Scrolls
 d - 4 scrolls of identify {unknown}
 e - a scroll of teleportation {unknown}
 g - 3 scrolls of remove curse {unknown}
 h - a scroll of enchant weapon {unknown}
 k - a scroll of magic mapping {unknown}
 n - a scroll of blinking {unknown}
Potions
 i - a potion of magic {unknown}
 j - a potion of brilliance {unknown}
 o - 2 potions of berserk rage {unknown}
Comestibles
 c - 7 rations
 p - 2 chunks of flesh


   Skills:
 + Level 3.6 Fighting
 * Level 3.7 Long Blades
 + Level 2.5 Armour
 + Level 2.5 Dodging


You had 3 spell levels left.
You didn't know any spells.
Your spell library was empty.

Dungeon Overview and Level Annotations

Branches:
Dungeon (3/15)

Altars:
Ashenzari
Dithmenos
Elyvilon
Makhleb
Nemelex Xobeh
Trog
Yredelemnul


Innate Abilities, Weirdness & Mutations

Your movements are less encumbered by armour. (ER -4)


Message History

The worm is moderately wounded.
The worm closely misses you.
You hit the worm.
The worm is moderately wounded.
You feel sick. The worm closely misses you.
You hit the worm.
The worm is moderately wounded.
The worm bites you.
You slash the worm!
The worm is almost dead.
You feel sick. The worm bites you!
* * * LOW HITPOINT WARNING * * *
You barely miss the worm.
The worm is severely wounded.
The worm bites you.
* * * LOW HITPOINT WARNING * * *
You barely miss the worm.
The worm is severely wounded.
You feel sick. The worm bites you!
You die...

#......# # #......#
.##......########
................
#......########
##......# ## ##.......#
##. ##........# ###..
#@.......>####...#
#..w....#.........###
#...............######
#................# #.
..................# #.
.......>............. #.
...................#.##.
.###=...................
...........###.


You could see a worm.

Vanquished Creatures
  An orc priest (D:3)
  Ijyb (D:3)
  2 adders (D:3)
  An ooze (D:1)
  2 worms (D:2)
  A dart slug (D:2)
  A leopard gecko (D:1)
  An orc (D:3)
  4 goblins
  6 hobgoblins
  A quokka (D:2)
  2 bats
  3 frilled lizards (D:1)
  A giant cockroach zombie (D:2)
  2 kobolds (D:1)
  A leopard gecko skeleton (D:2)
  A quokka skeleton (D:2)
  3 rats
34 creatures vanquished.

Notes
Turn   | Place    | Note
-------+----------+-------------------------------------------
     0 | D:1      | Lanoc the Demonspawn Berserker began the quest for the Orb.
     0 | D:1      | Reached XP level 1. HP: 18/18 MP: 1/1
   539 | D:1      | Gained mutation: Your movements are slightly less
                  | encumbered by armour. (ER -2) [demonic ancestry]
   539 | D:1      | Reached XP level 2. HP: 23/24 MP: 2/2
  1560 | D:2      | Reached XP level 3. HP: 14/29 MP: 3/3
  1752 | D:2      | Found a basalt altar of Yredelemnul.
  1753 | D:2      | Found a white marble altar of Elyvilon.
  1753 | D:2      | Found a shattered altar of Ashenzari.
  1754 | D:2      | Found a bloodstained altar of Trog.
  1754 | D:2      | Found a shadowy altar of Dithmenos.
  1755 | D:2      | Found a sparkling altar of Nemelex Xobeh.
  1755 | D:2      | Found a burning altar of Makhleb.
  2607 | D:3      | Gained mutation: Your movements are less encumbered by
                  | armour. (ER -4) [demonic ancestry]
  2607 | D:3      | Reached XP level 4. HP: 35/35 MP: 4/4
  2694 | D:3      | Noticed Ijyb
  2711 | D:3      | Killed Ijyb
  2723 | D:3      | Slain by a worm

Vault maps used:
D:1:      nicolae_arrival_somewhat_less_tricky_arrival, grunt_decor_resistance
D:2:      grunt_temple_overflow_open, serial_undead, serial_undead_b,
          serial_undead_f, serial_undead_b, serial_undead_d,
          mrwooster_statue_mirror, nrook_loot_triangle,
          hangedman_abyss_or_decor_lesser_grid
D:3:      first_ration, serial_curves, eino_curves_02, eino_curves_03, uniq_ijyb

Skill      XL: |  1  2 |
---------------+-------+-----
Long Blades    | 3 |  3.7
Armour         | 2 |  2.5
Dodging        | 2 |  2.5
Fighting       | |  3.6

Action                   |  1- 3 |  4- 6 || total
-------------------------+-------+-------++-------
Melee: Falchion          |    98 |    26 ||   124
Invok: Berserk           |     3 |     1 ||     4
  Use: Potion            |       |     1 ||     1
 Stab: Sleeping          |     2 |       ||     2
  Eat: Chunk             |     7 |     1 ||     8
Armor: Animal skin       |     2 |       ||     2
Dodge: Dodged            |    68 |    16 ||    84
       Rpst.: Falchion   |    26 |     2 ||    28

Table legend:
 A = Non-vault XP
 B = Vault XP
 C = Vault XP percentage of total XP
 D = Non-vault monster count
 E = Vault monster count
 F = Vault count percentage of total count
                 A         B        C        D         E       F
            +---------+---------+-------+---------+---------+-------
      Total |     128 |      39 |  23.4 |      30 |       4 |  11.8
            +---------+---------+-------+---------+---------+-------
        D:1 |      33 |       0 |   0.0 |      17 |       0 |   0.0
        D:2 |      22 |       3 |  12.0 |       8 |       3 |  27.3
        D:3 |      73 |      36 |  33.0 |       5 |       1 |  16.7
            +---------+---------+-------+---------+---------+-------
